Royaux vs Knights
Created - April 28, 2020 at 19:01
Goals
|
Royaux |
1 |
2 |
0 |
3 |
Knights |
1 |
3 |
3 |
7 |
|
Shots
|
Royaux |
11 |
11 |
16 |
38 |
Knights |
6 |
17 |
11 |
34 |
|
1st period
1. Royaux , Brendan Woods 19 (Brandon Pirri 27, Anton Slepyshev 27) at 11:26
2. Knights , Nikolaj Ehlers 20 (Brendan Gaunce 28) at 15:06
Penalties :
Danny Kristo (Cap) for High sticking (Minor) at 4:44, Nathan Walker (Lon) for Interference (Minor) at 7:08, Lukas Krajicek (Cap) for Roughing (Minor) at 15:15
2nd period
3. Royaux , Nathan Gerbe 28 (Teuvo Teravainen 10, Haydn Fleury 16) at 5:14
4. Knights , Vince Hinostroza 12 (Nathan Walker 15, Collin Miller 20) at 8:06
5. Knights , Nicolas Petan 5 (Nathan Walker 16, Ludwig Bystrom 13) at 10:08
6. Knights , Noel Acciari 30 (Ryan Strome 37, Dwight King 49) at 10:20
7. Royaux , Nathan Gerbe 29 (Lukas Krajicek 3, Phil Oreskovic 15) at 15:05
Penalties :
Nicholas Baptiste (Cap) for Cross-checking (Minor) at 12:06
3rd period
8. Knights , Tomas Kundratek 5 (Miro Aaltonen 51) at 7:43 (PP)
9. Knights , Jordan Martinook 25 (Miro Aaltonen 52, Jaccob Slavin 44) at 9:37
10. Knights , Noel Acciari 31 (Olli Maatta 21, Ryan Strome 38) at 12:53
Penalties :
Phil Oreskovic (Cap) for Hooking (Minor) at 6:36, Brandon Pirri (Cap) for Roughing (Minor) at 15:31
Goalie Stats
Jean-Francois Berube (Cap), 12 saves from 16 shots - (0.750), L, 8-8-1, 30:20 minutes
Olivier Roy (Cap), 15 saves from 18 shots - (0.833), 29:40 minutes
Magnus Hellberg (Lon), 35 saves from 38 shots - (0.921), W, 28-18-4, 60:00 minutes
Players Stats for Royaux
Player Name G A P +/- PIM S H SB GA TA FO MP PP MP PK MP
------------------------------------------------------------------------------------
Anton Slepyshev 0 1 1 0 0 1 0 0 0 0 0/0 10:15 0:00 0:09
Ben Hanowski 0 0 0 0 0 2 3 1 2 0 0/1 19:02 1:06 3:09
Brandon Pirri 0 1 1 0 2 3 0 1 0 0 0/0 12:32 0:00 1:05
Brendan Woods 1 0 1 0 0 4 1 1 0 1 6/14 16:26 0:00 5:10
Danny Kristo 0 0 0 -2 2 6 1 1 0 0 1/1 21:58 0:53 4:15
Dylan DeMelo 0 0 0 -1 0 0 1 0 0 0 0/0 13:13 0:00 0:00
Dylan Larkin 0 0 0 -2 0 4 1 0 1 0 16/30 16:55 1:06 0:00
Gord Baldwin 0 0 0 0 0 0 1 1 1 1 0/0 19:42 0:39 5:14
Haydn Fleury 0 1 1 -3 0 1 4 1 1 2 0/0 25:47 0:00 5:14
Lukas Krajicek 0 1 1 -2 2 3 3 1 0 1 0/0 26:05 1:20 2:45
Marcus Pettersson 0 0 0 0 0 0 1 1 0 0 0/0 16:54 1:20 1:39
Marko Dano 0 0 0 -2 0 3 1 0 0 0 4/9 20:06 1:06 3:09
Nathan Gerbe 2 0 2 0 0 3 2 1 1 0 6/11 15:35 0:53 0:00
Nicholas Baptiste 0 0 0 -1 2 0 0 0 0 0 0/0 7:08 0:00 0:00
Phil Oreskovic 0 1 1 0 2 2 4 1 1 0 0/0 18:22 0:39 3:14
Sonny Milano 0 0 0 -1 0 1 0 0 1 0 0/0 7:04 0:00 0:00
Teuvo Teravainen 0 1 1 0 0 3 1 0 0 0 1/1 16:32 0:53 0:57
Vladislav Namestnikov 0 0 0 -1 0 2 1 0 0 0 0/0 7:16 0:00 0:12
Players Stats for Knights
Player Name G A P +/- PIM S H SB GA TA FO MP PP MP PK MP
------------------------------------------------------------------------------------
Brendan Gaunce 0 1 1 0 0 0 0 1 1 0 6/8 10:15 0:00 0:00
Collin Miller 0 1 1 2 0 3 2 1 0 1 0/0 19:45 5:18 0:00
Dwight King 0 1 1 2 0 4 0 0 0 0 1/2 20:54 3:51 0:58
Jaccob Slavin 0 1 1 2 0 1 1 1 0 1 0/0 26:26 5:04 0:42
Jordan Martinook 1 0 1 0 0 2 0 0 0 0 0/0 13:09 0:00 0:58
Josh Bailey 0 0 0 0 0 1 3 0 1 0 1/1 18:09 5:09 0:18
Linden Vey 0 0 0 0 0 1 5 0 1 1 0/0 10:33 0:08 0:00
Ludwig Bystrom 0 1 1 -1 0 0 1 1 0 0 0/0 10:19 0:00 0:00
Michael Matheson 0 0 0 -1 0 2 0 0 0 0 0/0 18:35 3:59 0:42
Miro Aaltonen 0 2 2 0 0 1 2 0 1 0 4/10 15:27 3:51 0:00
Nathan Walker 0 2 2 1 2 4 1 0 0 0 0/0 9:55 0:00 0:00
Nicolas Petan 1 0 1 1 0 1 0 0 0 0 1/5 9:22 0:00 0:00
Nikolaj Ehlers 1 0 1 0 0 2 0 1 0 0 0/2 16:47 5:09 0:29
Noel Acciari 2 0 2 2 0 4 3 0 0 1 17/36 23:02 5:07 0:43
Olli Maatta 0 1 1 2 0 0 0 2 0 1 0/0 18:49 0:00 1:17
Ryan Strome 0 2 2 2 0 4 1 0 0 1 3/3 19:56 3:51 0:00
Tomas Kundratek 1 0 1 2 0 2 2 2 1 1 0/0 26:06 3:45 1:17
Vince Hinostroza 1 0 1 1 0 2 1 0 0 1 0/0 10:31 0:03 0:32
3 Stars
1 - Noel Acciari (Lon)
2 - Tomas Kundratek (Lon)
3 - Ryan Strome (Lon)
Power Play
Royaux - 0 on 1 Attempt(s) - 0.00%
Knights - 1 on 5 Attempt(s) - 20.00%
Penalty Kill
Royaux - 4 on 5 Attempt(s) - 80.00%
- Score 0 goal in Penalty Kill
Knights - 1 on 1 Attempt(s) - 100.00%
- Score 0 goal in Penalty Kill
Team Stat
Royaux - Hits : 25 - Faceoff Wins : 34 - Blocked Shots : 10 - Penalty Minutes : 10
Knights - Hits : 22 - Faceoff Wins : 33 - Blocked Shots : 9 - Penalty Minutes : 2
Official
Referees : Unknown
Linesman : Unknown
Game Notes
Olivier Roy enters game at 10:20 of 2nd period
Finance
Level 1 -- Attendance: 2000 (100.00%) -- Ticket Income $38,000
Level 2 -- Attendance: 1000 (100.00%) -- Ticket Income $11,000
Total Attendance: 3000 (100.00%)
Total Ticket Income: $49,000
Other Income: $2,450
Total Income: $51,450
Royaux
5 vs 5 Forward
Center Left Wing Right Wing Time % Phy DF OF
1 Dylan Larkin Marko Dano Danny Kristo 38 0 2 3
2 Nathan Gerbe Teuvo Teravainen Ben Hanowski 35 0 2 3
3 Brendan Woods Anton Slepyshev Brandon Pirri 17 0 2 3
4 Vladislav Namestnikov Sonny Milano Nicholas Baptiste 10 0 2 3
5 vs 5 Defense
Defense Defense Time % Phy DF OF
1 Lukas Krajicek Haydn Fleury 40 0 3 2
2 Marcus Pettersson Gord Baldwin 30 0 3 2
3 Phil Oreskovic Dylan DeMelo 15 0 3 2
4 Phil Oreskovic Dylan DeMelo 15 0 3 2
PowerPlay Forward
Center Left Wing Right Wing Time % Phy DF OF
1 Dylan Larkin Marko Dano Ben Hanowski 60 0 1 4
2 Nathan Gerbe Teuvo Teravainen Danny Kristo 40 0 1 4
PowerPlay Defense
Defense Defense Time % Phy DF OF
1 Lukas Krajicek Marcus Pettersson 60 0 2 3
2 Phil Oreskovic Gord Baldwin 40 0 2 3
Penalty Kill 4 Players Forward
Center Wing Time % Phy DF OF
1 Brendan Woods Danny Kristo 60 0 4 1
2 Marko Dano Ben Hanowski 40 0 4 1
Penalty Kill 4 Players Defense
Defense Defense Time % Phy DF OF
1 Gord Baldwin Haydn Fleury 60 1 2 2
2 Phil Oreskovic Lukas Krajicek 40 1 2 2
Penalty Kill - 3 Players Forward
Forward Time % Phy DF OF
1 Brendan Woods 60 0 4 1
2 Ben Hanowski 40 0 4 1
Penalty Kill - 3 Players Defense
Defense Defense Time % Phy DF OF
1 Gord Baldwin Haydn Fleury 60 1 2 2
2 Phil Oreskovic Lukas Krajicek 40 1 2 2
4 vs 4 Forward
Center Wing Time % Phy DF OF
1 Nathan Gerbe Marko Dano 60 0 2 3
2 Dylan Larkin Teuvo Teravainen 40 0 2 3
4 vs 4 Defense
Defense Defense Time % Phy DF OF
1 Gord Baldwin Haydn Fleury 60 0 3 2
2 Marcus Pettersson Phil Oreskovic 40 0 3 2
Last Minutes Offensive
Center Left Wing Right Wing Defense Defense
Dylan Larkin Marko Dano Ben Hanowski Marcus Pettersson Phil Oreskovic
Last Minutes Defensive
Center Left Wing Right Wing Defense Defense
Marko Dano Brendan Woods Ben Hanowski Haydn Fleury Phil Oreskovic
Goaltenders
Starting : Jean-Francois Berube
Backup : Olivier Roy
Extra Forwards
Normal : Marko Dano, Dylan Larkin, Nathan Gerbe - PP : Nathan Gerbe, Brandon Pirri - PK : Brandon Pirri
Extra Defensemen
Normal : Haydn Fleury, Marcus Pettersson, Phil Oreskovic - PP : Haydn Fleury - PK : Marcus Pettersson, Dylan DeMelo
Penalty Shots
Dylan Larkin, Nathan Gerbe, Teuvo Teravainen, Sonny Milano, Marko Dano
Scratches
Garrett Wilson (Healthy), Tanner Kero (Healthy), Greg McKegg (Healthy), Simon Despres (Lower Body Injury), Konrad Abeltshauser (Healthy)
Tomas Hyka (Healthy), Ian McCoshen (Healthy), Rourke Chartier (Strained Right Knee Injury), Michael Bunting (Healthy), Ryan Mantha (Healthy)
Jack Ramsey (Healthy), Marcus Hogberg (Healthy), Igor Shesterkin (Healthy), Hayden Hawkey (Healthy)
Knights
5 vs 5 Forward
Center Left Wing Right Wing Time % Phy DF OF
1 Noel Acciari Dwight King Ryan Strome 40 1 1 3
2 Miro Aaltonen Jordan Martinook Josh Bailey 30 1 2 2
3 Brendan Gaunce Nikolaj Ehlers Linden Vey 20 1 2 2
4 Nicolas Petan Nathan Walker Vince Hinostroza 10 1 2 2
5 vs 5 Defense
Defense Defense Time % Phy DF OF
1 Jaccob Slavin Tomas Kundratek 40 1 2 2
2 Collin Miller Olli Maatta 30 1 2 2
3 Michael Matheson Ludwig Bystrom 20 1 2 2
4 Michael Matheson Olli Maatta 10 1 2 2
PowerPlay Forward
Center Left Wing Right Wing Time % Phy DF OF
1 Noel Acciari Nikolaj Ehlers Josh Bailey 60 0 1 4
2 Miro Aaltonen Dwight King Ryan Strome 40 0 1 4
PowerPlay Defense
Defense Defense Time % Phy DF OF
1 Collin Miller Jaccob Slavin 60 0 1 4
2 Michael Matheson Tomas Kundratek 40 0 1 4
Penalty Kill 4 Players Forward
Center Wing Time % Phy DF OF
1 Dwight King Jordan Martinook 60 1 3 1
2 Noel Acciari Vince Hinostroza 40 1 3 1
Penalty Kill 4 Players Defense
Defense Defense Time % Phy DF OF
1 Tomas Kundratek Olli Maatta 60 1 3 1
2 Jaccob Slavin Michael Matheson 40 1 3 1
Penalty Kill - 3 Players Forward
Forward Time % Phy DF OF
1 Noel Acciari 60 0 4 1
2 Vince Hinostroza 40 0 4 1
Penalty Kill - 3 Players Defense
Defense Defense Time % Phy DF OF
1 Jaccob Slavin Olli Maatta 60 1 3 1
2 Michael Matheson Tomas Kundratek 40 1 3 1
4 vs 4 Forward
Center Wing Time % Phy DF OF
1 Noel Acciari Josh Bailey 60 1 2 2
2 Miro Aaltonen Dwight King 40 1 2 2
4 vs 4 Defense
Defense Defense Time % Phy DF OF
1 Tomas Kundratek Jaccob Slavin 60 1 2 2
2 Olli Maatta Collin Miller 40 1 2 2
Last Minutes Offensive
Center Left Wing Right Wing Defense Defense
Noel Acciari Dwight King Josh Bailey Tomas Kundratek Jaccob Slavin
Last Minutes Defensive
Center Left Wing Right Wing Defense Defense
Noel Acciari Jordan Martinook Vince Hinostroza Olli Maatta Tomas Kundratek
Goaltenders
Starting : Magnus Hellberg
Backup : Elvis Merzlikins
Extra Forwards
Normal : Jordan Martinook, Linden Vey, Dwight King - PP : Linden Vey, Miro Aaltonen - PK : Josh Bailey
Extra Defensemen
Normal : Olli Maatta, Michael Matheson, Collin Miller - PP : Michael Matheson - PK : Ludwig Bystrom, Michael Matheson
Penalty Shots
Noel Acciari, Miro Aaltonen, Ryan Strome, Linden Vey, Dwight King
Scratches
Zach Nastasiuk (Healthy), Nicklas Jensen (Healthy), Alan Quine (Healthy), David Shields (Healthy), Matthew Benning (Healthy)
Trevor Moore (Healthy), Scott Wilson (Healthy), Curtis Valk (Healthy), Anthony Louis (Healthy), Travis Boyd (Healthy)
Fredrik Claesson (Healthy), Mackenzie MacEachern (Healthy), Valentin Zykov (Healthy), Jayce Hawryluk (Healthy), Kevin Fiala (Healthy)
A.J. Jenks (Healthy), Ryan Collins (Healthy), William Lagesson (Healthy), Eamon McAdam (Healthy), Philippe Desrosiers (Healthy)
Ville Husso (Healthy)
% Time on Ice - Royaux
Lines # - Real PCT - Wanted PCT - Time Play
Normal Forward
1 - 35% - 38% - 17:04
2 - 30% - 35% - 14:44
3 - 21% - 17% - 10:06
4 - 14% - 10% - 7:04
Normal Defense
1 - 41% - 40% - 19:54
2 - 33% - 30% - 16:02
3 - 14% - 15% - 6:44
4 - 13% - 15% - 6:18
PP Forward
1 - 55% - 60% - 1:06
2 - 45% - 40% - 0:53
PP Defense
1 - 67% - 60% - 1:20
2 - 33% - 40% - 0:39
PK Forward
1 - 65% - 60% - 5:54
2 - 35% - 40% - 3:09
PK Defense
1 - 58% - 60% - 5:14
2 - 42% - 40% - 3:49
PK3 Forward
1 - 0% - 60%
2 - 0% - 40%
PK3 Defense
1 - 0% - 60%
2 - 0% - 40%
44 Forward
1 - 0% - 60%
2 - 0% - 40%
44 Defense
1 - 0% - 60%
2 - 0% - 40%
Last Minute Offensive - 0:00
Last Minute Defensive - 0:00
Total
Forward - 60:00
Defense - 60:00
|
% Time on Ice - Knights
Lines # - Real PCT - Wanted PCT - Time Play
Normal Forward
1 - 35% - 40% - 17:11
2 - 25% - 30% - 12:10
3 - 21% - 20% - 10:15
4 - 19% - 10% - 9:22
Normal Defense
1 - 44% - 40% - 21:44
2 - 28% - 30% - 13:47
3 - 20% - 20% - 9:49
4 - 7% - 10% - 3:38
PP Forward
1 - 57% - 60% - 5:12
2 - 43% - 40% - 3:51
PP Defense
1 - 59% - 60% - 5:18
2 - 41% - 40% - 3:45
PK Forward
1 - 73% - 60% - 1:27
2 - 27% - 40% - 0:32
PK Defense
1 - 65% - 60% - 1:17
2 - 35% - 40% - 0:42
PK3 Forward
1 - 0% - 60%
2 - 0% - 40%
PK3 Defense
1 - 0% - 60%
2 - 0% - 40%
44 Forward
1 - 0% - 60%
2 - 0% - 40%
44 Defense
1 - 0% - 60%
2 - 0% - 40%
Last Minute Offensive - 0:00
Last Minute Defensive - 0:00
Total
Forward - 60:00
Defense - 60:00
|
Play-by-Play
1st period
0:01 of 1st period - Dylan Larkin wins face-off versus Noel Acciari in neutral zone.
0:06 of 1st period - Snap shot by Dylan Larkin.
0:06 of 1st period - Stopped by Magnus Hellberg with a rebound.
0:08 of 1st period - Slapshot by Lukas Krajicek.
0:08 of 1st period - Shot Hit the Post.
0:10 of 1st period - Slapshot by Lukas Krajicek.
0:10 of 1st period - Shot Blocked by Jaccob Slavin.
0:16 of 1st period - Snap shot by Marko Dano.
0:16 of 1st period - Stopped by Magnus Hellberg without a rebound.
0:17 of 1st period - Josh Bailey wins face-off versus Nathan Gerbe in Knights zone.
0:42 of 1st period - Gord Baldwin is hit by Collin Miller and loses puck.
1:09 of 1st period - Olli Maatta is hit by Phil Oreskovic and loses puck.
1:24 of 1st period - Wrist shot by Ben Hanowski.
1:24 of 1st period - Shot Misses the Net.
1:26 of 1st period - Slapshot by Phil Oreskovic.
1:26 of 1st period - Stopped by Magnus Hellberg without a rebound.
1:27 of 1st period - Nicolas Petan wins face-off versus Ben Hanowski in Knights zone.
1:32 of 1st period - Wrist shot by Nathan Gerbe.
1:32 of 1st period - Shot Blocked by Tomas Kundratek.
1:52 of 1st period - Wrist shot by Vince Hinostroza.
1:52 of 1st period - Shot Blocked by Lukas Krajicek.
1:54 of 1st period - Wrist shot by Vince Hinostroza.
1:54 of 1st period - Shot Blocked by Haydn Fleury.
1:56 of 1st period - Snap shot by Vince Hinostroza.
1:56 of 1st period - Shot Misses the Net.
1:58 of 1st period - Slapshot by Michael Matheson.
1:58 of 1st period - Shot Misses the Net.
2:12 of 1st period - Snap shot by Ben Hanowski.
2:12 of 1st period - Shot Blocked by Ludwig Bystrom.
2:15 of 1st period - Icing by Ludwig Bystrom.
2:16 of 1st period - Dylan Larkin wins face-off versus Nicolas Petan in Knights zone.
2:27 of 1st period - Snap shot by Dylan Larkin.
2:27 of 1st period - Stopped by Magnus Hellberg without a rebound.
2:28 of 1st period - Dylan Larkin wins face-off versus Miro Aaltonen in Knights zone.
3:04 of 1st period - Wrist shot by Dwight King.
3:04 of 1st period - Deflect By Ryan Strome.
3:04 of 1st period - Shot Misses the Net.
3:04 of 1st period - Puck is out of play.
3:05 of 1st period - Brendan Gaunce wins face-off versus Dylan Larkin in Royaux zone.
3:31 of 1st period - Ryan Strome is hit by Haydn Fleury and loses puck.
4:41 of 1st period - Snap shot by Nathan Walker.
4:41 of 1st period - Deflect By Vince Hinostroza.
4:41 of 1st period - Shot Misses the Net.
4:41 of 1st period - Puck is out of play.
4:42 of 1st period - Dylan Larkin wins face-off versus Nicolas Petan in Royaux zone.
4:44 of 1st period - Minor Penalty to Danny Kristo for High sticking.
4:45 of 1st period - Noel Acciari wins face-off versus Brendan Woods in Royaux zone.
5:17 of 1st period - Miro Aaltonen is hit by Gord Baldwin and loses puck.
6:44 of 1st period - Penalty to Danny Kristo is over, Danny Kristo is back on ice.
7:08 of 1st period - Minor Penalty to Nathan Walker for Interference.
7:09 of 1st period - Dylan Larkin wins face-off versus Dwight King in Knights zone.
7:22 of 1st period - Slapshot by Dylan Larkin.
7:22 of 1st period - Shot Misses the Net.
9:08 of 1st period - Penalty to Nathan Walker is over, Nathan Walker is back on ice.
9:23 of 1st period - Slapshot by Nathan Walker.
9:23 of 1st period - Stopped by Jean-Francois Berube with a rebound.
9:41 of 1st period - Snap shot by Vladislav Namestnikov.
9:41 of 1st period - Stopped by Magnus Hellberg without a rebound.
9:42 of 1st period - Brendan Gaunce wins face-off versus Brendan Woods in Knights zone.
9:50 of 1st period - Icing by Michael Matheson.
9:51 of 1st period - Brendan Gaunce wins face-off versus Brendan Woods in Knights zone.
9:56 of 1st period - Lukas Krajicek is hit by Linden Vey and loses puck.
11:14 of 1st period - Wrist shot by Anton Slepyshev.
11:14 of 1st period - Stopped by Magnus Hellberg with a rebound.
11:16 of 1st period - Slapshot by Haydn Fleury.
11:16 of 1st period - Shot Misses the Net.
11:18 of 1st period - Snap shot by Brendan Woods.
11:18 of 1st period - Stopped by Magnus Hellberg with a rebound.
11:26 of 1st period - Slapshot by Brendan Woods.
11:26 of 1st period - Goal by Brendan Woods - Royaux : 1 - Knights : 0.
11:27 of 1st period - Noel Acciari wins face-off versus Dylan Larkin in neutral zone.
11:40 of 1st period - Slapshot by Noel Acciari.
11:40 of 1st period - Shot Blocked by Danny Kristo.
11:57 of 1st period - Snap shot by Ben Hanowski.
11:57 of 1st period - Shot Misses the Net.
12:45 of 1st period - Ben Hanowski is hit by Jaccob Slavin and loses puck.
13:04 of 1st period - Haydn Fleury is hit by Vince Hinostroza and loses puck.
13:31 of 1st period - Slapshot by Tomas Kundratek.
13:31 of 1st period - Shot Blocked by Ben Hanowski.
14:12 of 1st period - Tomas Kundratek is hit by Dylan Larkin.
14:26 of 1st period - Jaccob Slavin is hit by Phil Oreskovic and loses puck.
14:52 of 1st period - Marcus Pettersson is hit by Collin Miller and loses puck.
15:02 of 1st period - Off-side.
15:03 of 1st period - Brendan Gaunce wins face-off versus Dylan Larkin in neutral zone.
15:06 of 1st period - Slapshot by Nikolaj Ehlers.
15:06 of 1st period - Goal by Nikolaj Ehlers - Royaux : 1 - Knights : 1.
15:07 of 1st period - Miro Aaltonen wins face-off versus Dylan Larkin in neutral zone.
15:12 of 1st period - Slapshot by Collin Miller.
15:12 of 1st period - Stopped by Jean-Francois Berube without a rebound.
15:13 of 1st period - Dylan Larkin wins face-off versus Miro Aaltonen in Royaux zone.
15:15 of 1st period - Minor Penalty to Lukas Krajicek for Roughing.
15:16 of 1st period - Brendan Woods wins face-off versus Noel Acciari in Royaux zone.
15:30 of 1st period - Wrist shot by Danny Kristo.
15:30 of 1st period - Deflect By Brendan Woods.
15:30 of 1st period - Stopped by Magnus Hellberg with a rebound.
15:52 of 1st period - Snap shot by Miro Aaltonen.
15:52 of 1st period - Shot Blocked by Gord Baldwin.
15:54 of 1st period - Slapshot by Collin Miller.
15:54 of 1st period - Stopped by Jean-Francois Berube with a rebound.
16:30 of 1st period - Icing by Ryan Strome.
16:31 of 1st period - Miro Aaltonen wins face-off versus Marko Dano in Knights zone.
16:42 of 1st period - Ben Hanowski is hit by Josh Bailey and loses puck.
17:15 of 1st period - Penalty to Lukas Krajicek is over, Lukas Krajicek is back on ice.
17:50 of 1st period - Wrist shot by Nikolaj Ehlers.
17:50 of 1st period - Stopped by Jean-Francois Berube with a rebound.
18:02 of 1st period - Slapshot by Lukas Krajicek.
18:02 of 1st period - Stopped by Magnus Hellberg with a rebound.
18:13 of 1st period - Icing by Brandon Pirri.
18:14 of 1st period - Brendan Woods wins face-off versus Noel Acciari in Royaux zone.
18:35 of 1st period - Icing by Gord Baldwin.
18:36 of 1st period - Nathan Gerbe wins face-off versus Miro Aaltonen in Royaux zone.
18:36 of 1st period - Nathan Gerbe is hit by Josh Bailey.
19:11 of 1st period - Slapshot by Marko Dano.
19:11 of 1st period - Shot Misses the Net.
19:13 of 1st period - Snap shot by Dylan Larkin.
19:13 of 1st period - Stopped by Magnus Hellberg without a rebound.
19:14 of 1st period - Dylan Larkin wins face-off versus Noel Acciari in Knights zone.
19:25 of 1st period - Off-side.
19:26 of 1st period - Noel Acciari wins face-off versus Marko Dano in neutral zone.
19:35 of 1st period - Snap shot by Dwight King.
19:35 of 1st period - Stopped by Jean-Francois Berube with a rebound.
Goals for this period are 1 for Royaux vs 1 for Knights.
Shots for this period are 11 for Royaux vs 6 for Knights.
2nd period
0:01 of 2nd period - Dylan Larkin wins face-off versus Noel Acciari in neutral zone.
0:06 of 2nd period - Jaccob Slavin is hit by Lukas Krajicek and loses puck.
0:12 of 2nd period - Off-side.
0:13 of 2nd period - Noel Acciari wins face-off versus Dylan Larkin in neutral zone.
0:20 of 2nd period - Wrist shot by Dwight King.
0:20 of 2nd period - Shot Misses the Net.
0:26 of 2nd period - Ryan Strome is hit by Marko Dano and loses puck.
0:39 of 2nd period - Teuvo Teravainen is hit by Miro Aaltonen.
1:23 of 2nd period - Wrist shot by Marko Dano.
1:23 of 2nd period - Shot Misses the Net.
3:05 of 2nd period - Wrist shot by Ryan Strome.
3:05 of 2nd period - Shot Misses the Net.
3:07 of 2nd period - Slapshot by Collin Miller.
3:07 of 2nd period - Stopped by Jean-Francois Berube with a rebound.
3:09 of 2nd period - Slapshot by Collin Miller.
3:09 of 2nd period - Deflect By Ryan Strome.
3:09 of 2nd period - Shot Misses the Net.
3:09 of 2nd period - Puck is out of play.
3:10 of 2nd period - Nathan Gerbe wins face-off versus Noel Acciari in Royaux zone.
3:16 of 2nd period - Off-side.
3:17 of 2nd period - Noel Acciari wins face-off versus Nathan Gerbe in neutral zone.
3:20 of 2nd period - Wrist shot by Jaccob Slavin.
3:20 of 2nd period - Stopped by Jean-Francois Berube with a rebound.
4:06 of 2nd period - Snap shot by Nathan Walker.
4:06 of 2nd period - Stopped by Jean-Francois Berube without a rebound.
4:07 of 2nd period - Nathan Gerbe wins face-off versus Nicolas Petan in Royaux zone.
4:20 of 2nd period - Snap shot by Nathan Gerbe.
4:20 of 2nd period - Shot Misses the Net.
4:22 of 2nd period - Snap shot by Teuvo Teravainen.
4:22 of 2nd period - Shot Misses the Net.
5:14 of 2nd period - Wrist shot by Nathan Gerbe.
5:14 of 2nd period - Goal by Nathan Gerbe - Royaux : 2 - Knights : 1.
5:15 of 2nd period - Dwight King wins face-off versus Dylan Larkin in neutral zone.
5:20 of 2nd period - Snap shot by Noel Acciari.
5:20 of 2nd period - Deflect By Ryan Strome.
5:20 of 2nd period - Shot Misses the Net.
5:20 of 2nd period - Puck is out of play.
5:21 of 2nd period - Dylan Larkin wins face-off versus Noel Acciari in Royaux zone.
5:45 of 2nd period - Off-side.
5:46 of 2nd period - Nathan Gerbe wins face-off versus Miro Aaltonen in neutral zone.
5:51 of 2nd period - Wrist shot by Nathan Gerbe.
5:51 of 2nd period - Shot Blocked by Olli Maatta.
6:13 of 2nd period - Ryan Strome is hit by Phil Oreskovic.
6:17 of 2nd period - Dylan Larkin is hit by Ryan Strome and loses puck.
6:38 of 2nd period - Phil Oreskovic is hit by Linden Vey and loses puck.
7:04 of 2nd period - Josh Bailey is hit by Lukas Krajicek and loses puck.
7:19 of 2nd period - Marcus Pettersson is hit by Noel Acciari and loses puck.
7:42 of 2nd period - Slapshot by Linden Vey.
7:42 of 2nd period - Shot Hit the Post.
8:04 of 2nd period - Snap shot by Nathan Walker.
8:04 of 2nd period - Shot Misses the Net.
8:06 of 2nd period - Snap shot by Vince Hinostroza.
8:06 of 2nd period - Deflect By Brandon Pirri.
8:06 of 2nd period - Goal by Vince Hinostroza - Royaux : 2 - Knights : 2.
8:07 of 2nd period - Noel Acciari wins face-off versus Dylan Larkin in neutral zone.
8:13 of 2nd period - Slapshot by Olli Maatta.
8:13 of 2nd period - Deflect By Ryan Strome.
8:13 of 2nd period - Stopped by Jean-Francois Berube with a rebound.
8:23 of 2nd period - Snap shot by Noel Acciari.
8:23 of 2nd period - Stopped by Jean-Francois Berube with a rebound.
8:33 of 2nd period - Michael Matheson is hit by Ben Hanowski and loses puck.
8:42 of 2nd period - Slapshot by Tomas Kundratek.
8:42 of 2nd period - Stopped by Jean-Francois Berube with a rebound.
8:53 of 2nd period - Off-side.
8:54 of 2nd period - Brendan Gaunce wins face-off versus Brendan Woods in neutral zone.
9:21 of 2nd period - Noel Acciari is hit by Dylan DeMelo and loses puck.
9:59 of 2nd period - Haydn Fleury is hit by Tomas Kundratek and loses puck.
10:04 of 2nd period - Slapshot by Nathan Walker.
10:04 of 2nd period - Stopped by Jean-Francois Berube with a rebound.
10:08 of 2nd period - Slapshot by Nathan Walker.
10:08 of 2nd period - Deflect By Nicolas Petan.
10:08 of 2nd period - Goal by Nicolas Petan - Royaux : 2 - Knights : 3.
10:09 of 2nd period - Dylan Larkin wins face-off versus Noel Acciari in neutral zone.
10:20 of 2nd period - Wrist shot by Noel Acciari.
10:20 of 2nd period - Goal by Noel Acciari - Royaux : 2 - Knights : 4.
10:20 of 2nd period - Olivier Roy enters game.
10:21 of 2nd period - Nathan Gerbe wins face-off versus Noel Acciari in neutral zone.
10:48 of 2nd period - Icing by Jaccob Slavin.
10:49 of 2nd period - Noel Acciari wins face-off versus Brendan Woods in Knights zone.
11:11 of 2nd period - Snap shot by Lukas Krajicek.
11:11 of 2nd period - Deflect By Noel Acciari.
11:11 of 2nd period - Stopped by Magnus Hellberg with a rebound.
11:13 of 2nd period - Wrist shot by Anton Slepyshev.
11:13 of 2nd period - Deflect By Brandon Pirri.
11:13 of 2nd period - Shot Misses the Net.
11:13 of 2nd period - Puck is out of play.
11:14 of 2nd period - Dylan Larkin wins face-off versus Miro Aaltonen in Knights zone.
11:17 of 2nd period - Wrist shot by Danny Kristo.
11:17 of 2nd period - Stopped by Magnus Hellberg without a rebound.
11:18 of 2nd period - Dylan Larkin wins face-off versus Miro Aaltonen in Knights zone.
11:31 of 2nd period - Slapshot by Jordan Martinook.
11:31 of 2nd period - Shot Misses the Net.
11:33 of 2nd period - Slapshot by Jaccob Slavin.
11:33 of 2nd period - Shot Blocked by Phil Oreskovic.
11:47 of 2nd period - Snap shot by Teuvo Teravainen.
11:47 of 2nd period - Stopped by Magnus Hellberg with a rebound.
11:51 of 2nd period - Snap shot by Ben Hanowski.
11:51 of 2nd period - Stopped by Magnus Hellberg with a rebound.
11:55 of 2nd period - Snap shot by Nathan Gerbe.
11:55 of 2nd period - Shot Blocked by Brendan Gaunce.
12:06 of 2nd period - Minor Penalty to Nicholas Baptiste for Cross-checking.
12:07 of 2nd period - Brendan Woods wins face-off versus Noel Acciari in Royaux zone.
12:22 of 2nd period - Wrist shot by Danny Kristo.
12:22 of 2nd period - Shot Misses the Net.
12:41 of 2nd period - Icing by Ryan Strome.
12:42 of 2nd period - Miro Aaltonen wins face-off versus Marko Dano in Knights zone.
12:49 of 2nd period - Snap shot by Dwight King.
12:49 of 2nd period - Stopped by Olivier Roy without a rebound.
12:50 of 2nd period - Noel Acciari wins face-off versus Brendan Woods in Royaux zone.
13:05 of 2nd period - Snap shot by Danny Kristo.
13:05 of 2nd period - Shot Misses the Net.
13:23 of 2nd period - Wrist shot by Dwight King.
13:23 of 2nd period - Stopped by Olivier Roy without a rebound.
13:24 of 2nd period - Noel Acciari wins face-off versus Marko Dano in Royaux zone.
13:25 of 2nd period - Wrist shot by Josh Bailey.
13:25 of 2nd period - Stopped by Olivier Roy without a rebound.
13:26 of 2nd period - Marko Dano wins face-off versus Noel Acciari in Royaux zone.
13:51 of 2nd period - Collin Miller is hit by Haydn Fleury.
14:06 of 2nd period - Penalty to Nicholas Baptiste is over, Nicholas Baptiste is back on ice.
15:05 of 2nd period - Slapshot by Nathan Gerbe.
15:05 of 2nd period - Goal by Nathan Gerbe - Royaux : 3 - Knights : 4.
15:06 of 2nd period - Dylan Larkin wins face-off versus Noel Acciari in neutral zone.
15:16 of 2nd period - Off-side.
15:17 of 2nd period - Marko Dano wins face-off versus Noel Acciari in neutral zone.
15:24 of 2nd period - Snap shot by Danny Kristo.
15:24 of 2nd period - Stopped by Magnus Hellberg with a rebound.
15:35 of 2nd period - Dylan Larkin is hit by Tomas Kundratek and loses puck.
15:52 of 2nd period - Wrist shot by Teuvo Teravainen.
15:52 of 2nd period - Stopped by Magnus Hellberg with a rebound.
16:05 of 2nd period - Off-side.
16:06 of 2nd period - Brendan Woods wins face-off versus Brendan Gaunce in neutral zone.
16:09 of 2nd period - Collin Miller is hit by Brendan Woods and loses puck.
16:32 of 2nd period - Linden Vey is hit by Nathan Gerbe and loses puck.
16:55 of 2nd period - Wrist shot by Danny Kristo.
16:55 of 2nd period - Stopped by Magnus Hellberg with a rebound.
17:01 of 2nd period - Haydn Fleury is hit by Ludwig Bystrom and loses puck.
17:22 of 2nd period - Snap shot by Nikolaj Ehlers.
17:22 of 2nd period - Shot Misses the Net.
17:24 of 2nd period - Snap shot by Linden Vey.
17:24 of 2nd period - Stopped by Olivier Roy with a rebound.
17:26 of 2nd period - Slapshot by Michael Matheson.
17:26 of 2nd period - Stopped by Olivier Roy without a rebound.
17:27 of 2nd period - Noel Acciari wins face-off versus Nathan Gerbe in Royaux zone.
17:32 of 2nd period - Slapshot by Ryan Strome.
17:32 of 2nd period - Stopped by Olivier Roy with a rebound.
17:34 of 2nd period - Wrist shot by Noel Acciari.
17:34 of 2nd period - Deflect By Ryan Strome.
17:34 of 2nd period - Stopped by Olivier Roy without a rebound.
17:35 of 2nd period - Noel Acciari wins face-off versus Nathan Gerbe in Royaux zone.
18:08 of 2nd period - Slapshot by Marko Dano.
18:08 of 2nd period - Stopped by Magnus Hellberg with a rebound.
18:10 of 2nd period - Snap shot by Danny Kristo.
18:10 of 2nd period - Stopped by Magnus Hellberg without a rebound.
18:11 of 2nd period - Noel Acciari wins face-off versus Nathan Gerbe in Knights zone.
18:11 of 2nd period - Noel Acciari is hit by Ben Hanowski.
19:11 of 2nd period - Brendan Woods is hit by Nathan Walker and loses puck.
19:34 of 2nd period - Vladislav Namestnikov is hit by Linden Vey.
19:48 of 2nd period - Lukas Krajicek is hit by Miro Aaltonen and loses puck.
Goals for this period are 2 for Royaux vs 3 for Knights.
Shots for this period are 11 for Royaux vs 17 for Knights.
3rd period
0:01 of 3rd period - Ryan Strome wins face-off versus Dylan Larkin in neutral zone.
0:06 of 3rd period - Wrist shot by Dwight King.
0:06 of 3rd period - Stopped by Olivier Roy with a rebound.
0:08 of 3rd period - Snap shot by Michael Matheson.
0:08 of 3rd period - Shot Misses the Net.
0:10 of 3rd period - Slapshot by Michael Matheson.
0:10 of 3rd period - Stopped by Olivier Roy without a rebound.
0:11 of 3rd period - Noel Acciari wins face-off versus Dylan Larkin in Royaux zone.
0:43 of 3rd period - Miro Aaltonen is hit by Teuvo Teravainen and loses puck.
0:47 of 3rd period - Jordan Martinook is hit by Nathan Gerbe and loses puck.
1:09 of 3rd period - Snap shot by Brandon Pirri.
1:09 of 3rd period - Stopped by Magnus Hellberg without a rebound.
1:10 of 3rd period - Noel Acciari wins face-off versus Dylan Larkin in Knights zone.
1:19 of 3rd period - Snap shot by Danny Kristo.
1:19 of 3rd period - Stopped by Magnus Hellberg without a rebound.
1:20 of 3rd period - Dylan Larkin wins face-off versus Noel Acciari in Knights zone.
1:27 of 3rd period - Slapshot by Dylan Larkin.
1:27 of 3rd period - Stopped by Magnus Hellberg without a rebound.
1:28 of 3rd period - Noel Acciari wins face-off versus Dylan Larkin in Knights zone.
2:25 of 3rd period - Brendan Woods is hit by Linden Vey.
2:45 of 3rd period - Wrist shot by Nathan Walker.
2:45 of 3rd period - Stopped by Olivier Roy with a rebound.
3:11 of 3rd period - Snap shot by Brandon Pirri.
3:11 of 3rd period - Stopped by Magnus Hellberg with a rebound.
3:13 of 3rd period - Slapshot by Haydn Fleury.
3:13 of 3rd period - Stopped by Magnus Hellberg with a rebound.
3:15 of 3rd period - Snap shot by Brandon Pirri.
3:15 of 3rd period - Shot Blocked by Olli Maatta.
3:17 of 3rd period - Slapshot by Lukas Krajicek.
3:17 of 3rd period - Stopped by Magnus Hellberg without a rebound.
3:18 of 3rd period - Dylan Larkin wins face-off versus Noel Acciari in Knights zone.
4:04 of 3rd period - Nikolaj Ehlers is hit by Marcus Pettersson and loses puck.
4:25 of 3rd period - Snap shot by Danny Kristo.
4:25 of 3rd period - Shot Blocked by Tomas Kundratek.
4:48 of 3rd period - Snap shot by Ryan Strome.
4:48 of 3rd period - Stopped by Olivier Roy without a rebound.
4:49 of 3rd period - Teuvo Teravainen wins face-off versus Noel Acciari in Royaux zone.
4:54 of 3rd period - Collin Miller is hit by Ben Hanowski and loses puck.
5:36 of 3rd period - Snap shot by Brendan Gaunce.
5:36 of 3rd period - Shot Misses the Net.
5:59 of 3rd period - Snap shot by Nathan Walker.
5:59 of 3rd period - Shot Misses the Net.
6:01 of 3rd period - Snap shot by Ludwig Bystrom.
6:01 of 3rd period - Shot Blocked by Brandon Pirri.
6:03 of 3rd period - Snap shot by Ludwig Bystrom.
6:03 of 3rd period - Shot Blocked by Brendan Woods.
6:36 of 3rd period - Minor Penalty to Phil Oreskovic for Hooking.
6:37 of 3rd period - Noel Acciari wins face-off versus Brendan Woods in Royaux zone.
7:08 of 3rd period - Off-side.
7:09 of 3rd period - Marko Dano wins face-off versus Nikolaj Ehlers in neutral zone.
7:12 of 3rd period - Snap shot by Lukas Krajicek.
7:12 of 3rd period - Shot Blocked by Nikolaj Ehlers.
7:36 of 3rd period - Miro Aaltonen is hit by Lukas Krajicek and loses puck.
7:43 of 3rd period - Slapshot by Tomas Kundratek.
7:43 of 3rd period - Goal by Tomas Kundratek - Royaux : 3 - Knights : 5.
7:44 of 3rd period - Noel Acciari wins face-off versus Dylan Larkin in neutral zone.
8:11 of 3rd period - Lukas Krajicek is hit by Josh Bailey and loses puck.
8:20 of 3rd period - Slapshot by Miro Aaltonen.
8:20 of 3rd period - Stopped by Olivier Roy with a rebound.
8:22 of 3rd period - Wrist shot by Jordan Martinook.
8:22 of 3rd period - Shot Misses the Net.
8:24 of 3rd period - Slapshot by Collin Miller.
8:24 of 3rd period - Deflect By Jordan Martinook.
8:24 of 3rd period - Stopped by Olivier Roy with a rebound.
8:37 of 3rd period - Vladislav Namestnikov is hit by Linden Vey and loses puck.
9:37 of 3rd period - Snap shot by Jordan Martinook.
9:37 of 3rd period - Goal by Jordan Martinook - Royaux : 3 - Knights : 6.
9:38 of 3rd period - Ryan Strome wins face-off versus Dylan Larkin in neutral zone.
9:45 of 3rd period - Wrist shot by Ryan Strome.
9:45 of 3rd period - Shot Blocked by Marcus Pettersson.
10:26 of 3rd period - Snap shot by Sonny Milano.
10:26 of 3rd period - Stopped by Magnus Hellberg with a rebound.
10:28 of 3rd period - Slapshot by Vladislav Namestnikov.
10:28 of 3rd period - Stopped by Magnus Hellberg without a rebound.
10:29 of 3rd period - Ryan Strome wins face-off versus Dylan Larkin in Knights zone.
10:34 of 3rd period - Snap shot by Dwight King.
10:34 of 3rd period - Shot Misses the Net.
10:44 of 3rd period - Snap shot by Marko Dano.
10:44 of 3rd period - Stopped by Magnus Hellberg with a rebound.
10:54 of 3rd period - Olli Maatta is hit by Vladislav Namestnikov.
11:37 of 3rd period - Snap shot by Nathan Gerbe.
11:37 of 3rd period - Stopped by Magnus Hellberg without a rebound.
11:38 of 3rd period - Brendan Gaunce wins face-off versus Marko Dano in Knights zone.
11:38 of 3rd period - Brendan Gaunce is hit by Haydn Fleury.
12:08 of 3rd period - Wrist shot by Vince Hinostroza.
12:08 of 3rd period - Stopped by Olivier Roy with a rebound.
12:51 of 3rd period - Wrist shot by Olli Maatta.
12:51 of 3rd period - Shot Blocked by Nathan Gerbe.
12:53 of 3rd period - Snap shot by Noel Acciari.
12:53 of 3rd period - Goal by Noel Acciari - Royaux : 3 - Knights : 7.
12:54 of 3rd period - Dylan Larkin wins face-off versus Noel Acciari in neutral zone.
13:10 of 3rd period - Wrist shot by Danny Kristo.
13:10 of 3rd period - Shot Misses the Net.
13:34 of 3rd period - Slapshot by Ben Hanowski.
13:34 of 3rd period - Stopped by Magnus Hellberg without a rebound.
13:35 of 3rd period - Brendan Woods wins face-off versus Brendan Gaunce in Knights zone.
14:01 of 3rd period - Noel Acciari is hit by Phil Oreskovic and loses puck.
14:45 of 3rd period - Nathan Walker is hit by Haydn Fleury and loses puck.
15:31 of 3rd period - Minor Penalty to Brandon Pirri for Roughing.
15:32 of 3rd period - Brendan Woods wins face-off versus Noel Acciari in Royaux zone.
15:40 of 3rd period - Haydn Fleury is hit by Noel Acciari and loses puck.
15:45 of 3rd period - Slapshot by Noel Acciari.
15:45 of 3rd period - Stopped by Olivier Roy without a rebound.
15:46 of 3rd period - Danny Kristo wins face-off versus Noel Acciari in Royaux zone.
15:55 of 3rd period - Danny Kristo is hit by Noel Acciari and loses puck.
16:13 of 3rd period - Icing by Dwight King.
16:14 of 3rd period - Miro Aaltonen wins face-off versus Brendan Woods in Knights zone.
17:01 of 3rd period - Off-side.
17:02 of 3rd period - Marko Dano wins face-off versus Nikolaj Ehlers in neutral zone.
17:24 of 3rd period - Ryan Strome is hit by Danny Kristo and loses puck.
17:31 of 3rd period - Penalty to Brandon Pirri is over, Brandon Pirri is back on ice.
18:07 of 3rd period - Snap shot by Danny Kristo.
18:07 of 3rd period - Stopped by Magnus Hellberg with a rebound.
18:09 of 3rd period - Wrist shot by Brendan Woods.
18:09 of 3rd period - Shot Misses the Net.
18:11 of 3rd period - Slapshot by Phil Oreskovic.
18:11 of 3rd period - Stopped by Magnus Hellberg with a rebound.
18:13 of 3rd period - Wrist shot by Brandon Pirri.
18:13 of 3rd period - Stopped by Magnus Hellberg with a rebound.
18:15 of 3rd period - Snap shot by Brendan Woods.
18:15 of 3rd period - Stopped by Magnus Hellberg with a rebound.
18:17 of 3rd period - Slapshot by Lukas Krajicek.
18:17 of 3rd period - Shot Misses the Net.
18:31 of 3rd period - Snap shot by Danny Kristo.
18:31 of 3rd period - Shot Misses the Net.
18:33 of 3rd period - Wrist shot by Brandon Pirri.
18:33 of 3rd period - Shot Blocked by Collin Miller.
18:35 of 3rd period - Slapshot by Brendan Woods.
18:35 of 3rd period - Deflect By Danny Kristo.
18:35 of 3rd period - Shot Misses the Net.
18:35 of 3rd period - Puck is out of play.
18:36 of 3rd period - Nathan Gerbe wins face-off versus Nicolas Petan in Knights zone.
18:45 of 3rd period - Wrist shot by Teuvo Teravainen.
18:45 of 3rd period - Stopped by Magnus Hellberg with a rebound.
19:08 of 3rd period - Snap shot by Vladislav Namestnikov.
19:08 of 3rd period - Shot Misses the Net.
Goals for this period are 0 for Royaux vs 3 for Knights.
Shots for this period are 16 for Royaux vs 11 for Knights.
Back to the Top